 Dungeon Crawl Stone Soup version 0.26-a0-466-g989023bd0d (webtiles) character file.

Game seed: 17395380174042207392

202 1player the Skirmisher (level 6, 0/52 HPs)
             Began as a Formicid Abyssal Knight on Aug 12, 2020.
             Was a Believer of Lugonu.
             Slain by Crazy Yiuf
             ... wielding a +3 quarterstaff of chaos
              (4 damage)
             ... while petrified by Crazy Yiuf
             ... on level 3 of the Dungeon.
             The game lasted 00:12:13 (4012 turns).

1player the Skirmisher (Formicid Abyssal Knight)    Turns: 4012, Time: 00:12:14

Health: 0/52       AC:  7    Str: 18    XL:     6   Next: 8%
Magic:  7/8        EV:  2    Int: 12    God:    Lugonu [**....]
Gold:   158        SH:  0    Dex: 10    Spells: 5/5 levels left

rFire    . . .     SeeInvis +   a - +0 lajatang
rCold    . . .     Faith    .   (no shield)
rNeg     + + +     Spirit   .   q - +0 scale mail
rPois    ∞         Reflect  .   (helmet unavailable)
rElec    .         Harm     .   (no cloak)
rCorr    .                      (no gloves)
MR       +....                  i - +0 pair of boots
Stlth    ..........             (no amulet)
HPRegen  0.17/turn              j - ring of protection from magic
MPRegen  0.11/turn              o - ring of wizardry

@: agile, lethally poisoned (0 -> 0), petrified, lightly drained
A: permanent stasis, dig shafts and tunnels, four strong arms, antennae 3
a: Dig, Shaft Self, Depart the Abyss, Bend Space, Renounce Religion


You were on level 3 of the Dungeon.
You worshipped Lugonu.
Lugonu was pleased with you.
You visited 1 branch of the dungeon, and saw 3 of its levels.
You visited the Abyss 1 time.

You collected 158 gold pieces.

Inventory:

Hand Weapons
 a - a +0 lajatang (weapon)
 b - a +0 hunting sling
Missiles
 d - 39 stones (quivered)
 m - 13 sling bullets
 x - 3 datura-tipped darts
Armour
 i - a +0 pair of boots (worn)
 q - a +0 scale mail (worn)
 t - a +0 leather armour
Jewellery
 j - a ring of protection from magic (left hand)
 o - a ring of wizardry (right hand)
Wands
 s - a wand of flame (20)
Scrolls
 c - 2 scrolls of fear
 g - a scroll of blinking {unknown}
 k - 6 scrolls of remove curse {@r2}
 p - a scroll of immolation {unknown}
 r - a scroll of amnesia {unknown}
 u - a scroll of fog {unknown}
 v - a scroll of magic mapping {unknown}
 w - a scroll of enchant weapon {unknown}
Potions
 h - 3 potions of curing {@q1}
 n - a potion of resistance
 z - 2 potions of flight


   Skills:
 - Level 5.6(5.4) Fighting
   Level 2.0 Maces & Flails
 + Level 1.5(1.8) Staves
 - Level 3.1(2.9) Armour
 - Level 0.8(0.6) Dodging
 - Level 3.3(3.1) Invocations


You had 5 spell levels left.
You didn't know any spells.
Your spell library was empty.

Dungeon Overview and Level Annotations

Branches:
Dungeon (3/15)

Altars:
Cheibriados

Annotations:
D:3 Crazy Yiuf


Innate Abilities, Weirdness & Mutations

You cannot be hasted, slowed, berserked, paralysed or teleported.
You can dig through walls and to a lower floor.
Your four strong arms can wield two-handed weapons with a shield.
You have a pair of large antennae on your head. (SInv)


Message History

Crazy Yiuf is almost dead.
You feel sick.
Crazy Yiuf grits, "Flower!
Gum sizzlefizz eyeball."
Crazy Yiuf barely misses you. x2; You have turned to stone.
Crazy Yiuf hits you with a +3 quarterstaff of chaos!
Crazy Yiuf hits you with a +3 quarterstaff of chaos.
Crazy Yiuf hits you with a +3 quarterstaff of chaos.
You feel your power leaking away.
Crazy Yiuf hits you with a +3 quarterstaff of chaos!
* * * LOW HITPOINT WARNING * * *
Crazy Yiuf hits you with a +3 quarterstaff of chaos!
* * * LOW HITPOINT WARNING * * *
Crazy Yiuf freezes you.
* * * LOW HITPOINT WARNING * * *
Crazy Yiuf barely misses you.
Crazy Yiuf hits you with a +3 quarterstaff of chaos!
* * * LOW HITPOINT WARNING * * *
Crazy Yiuf freezes you.
Crazy Yiuf hits you with a +3 quarterstaff of chaos!
You die...

#.#
#.#######
###
#.......###
##.........
#####
#.####.###
#..)# #.#
#.# # #...#
#.# #.# #
... #.#
##.### #g#
#.# #.....
♣♣@♣ #.#
#..### ♣.♣♣
#.# #.(#..
♣♣.♣ #.#
#..#.. ♣.♣♣
#.# #.....
♣♣.♣♣
#.###.##..
♣.PP♣♣
#...).....
♣.♣PP♣
#####.####
#....# #.#
#....####
#.#


You could see Crazy Yiuf.

Vanquished Creatures
  A bullfrog (D:3)
  3 gnolls (D:3)
  3 adders (D:2)
  An ooze (D:3)
  A worm (D:2)
  A dart slug (D:1)
  5 leopard geckos
  8 orcs (D:3)
  8 goblins
  6 hobgoblins
  2 quokkas
  10 bats
  4 frilled lizards
  3 kobolds
  5 rats
  A fungus (D:3)
62 creatures vanquished.

Notes
Turn   | Place    | Note
-------+----------+-------------------------------------------
     0 | Abyss:1  | 1player the Formicid Abyssal Knight began the quest for the
                  | Orb.
     0 | Abyss:1  | Reached XP level 1. HP: 18/18 MP: 2/2
    15 | Abyss:1  | Noticed a wretched star
    23 | D:1      | Escaped the Abyss
   106 | D:1      | Reached * piety under Lugonu
   207 | D:1      | Reached XP level 2. HP: 25/25 MP: 3/3
   211 | D:1      | Reached skill level 4 in Fighting
   728 | D:1      | Reached XP level 3. HP: 29/31 MP: 4/4
  1482 | D:2      | Reached skill level 5 in Fighting
  1482 | D:2      | Reached XP level 4. HP: 33/39 MP: 5/5
  2412 | D:3      | Found a snail-covered altar of Cheibriados.
  2464 | D:3      | Reached ** piety under Lugonu
  2528 | D:3      | Noticed a bullfrog
  2539 | D:3      | Killed a bullfrog
  2539 | D:3      | Reached XP level 5. HP: 27/45 MP: 5/7
  3635 | D:3      | Reached skill level 1 in Staves
  3635 | D:3      | Reached XP level 6. HP: 34/52 MP: 8/8
  3993 | D:3      | Found a runed translucent door.
  3994 | D:3      | Noticed Crazy Yiuf
  4012 | D:3      | Slain by Crazy Yiuf

Illustrated notes

Levels and vault maps discovered:
D:1:      minmay_arrival_doors, layout_basic
D:2:      layout_loops_corners
D:3:      layout_loops_ring, cheibriados_altar_1, uniq_crazy_yiuf_cottage

Skill      XL: |  1  2  3  4  5 |
---------------+----------------+-----
Fighting       | 4 5 |  5.6
Armour         | 3 |  3.1
Invocations    | 3 |  3.3
Staves         | 1 |  1.5
Maces & Flails | |  2.0
Dodging        | |  0.8

Action                   |  1- 3 |  4- 6 || total
-------------------------+-------+-------++-------
Melee: Mace              |    90 |    85 ||   175
       Lajatang          |       |    54 ||    54
 Fire: Hunting sling     |       |    16 ||    16
Throw: Stone             |    11 |     4 ||    15
Invok: Depart the Abyss  |     1 |       ||     1
 Abil: Dig               |     1 |     6 ||     7
  Use: Scroll            |     2 |     5 ||     7
       Potion            |       |     1 ||     1
Armor: Leather armour    |    41 |       ||    41
       Scale mail        |       |    74 ||    74
Dodge: Dodged            |    56 |    93 ||   149

Table legend: (Time is in decaauts)
 A = Elapsed time spent in this place.
 B = Non-inter-level travel time spent in this place.
 C = Inter-level travel time spent in this place.
 D = Time resting spent in this place.
 E = Time spent auto-exploring this place.
 F = Levels seen in this place.
 G = Mean time per level.
                   A        B        C        D        E       F      G
               +--------+--------+--------+--------+--------+-----+--------+
         Total |   4080 |   4019 |     61 |   1036 |   1501 |   4 | 1020.0 |
       Dungeon |   4057 |   3996 |     61 |   1036 |   1486 |   3 | 1352.3 |
         Abyss |     23 |     23 |      0 |      0 |     15 |   1 |   23.0 |
               +--------+--------+--------+--------+--------+-----+--------+

Top non-repeatable levels by time:
     D:3: 1614 daAuts
     D:2: 1545 daAuts
     D:1: 897 daAuts
 Abyss:1: 23 daAuts
